 Dungeon Crawl Stone Soup version 0.28.0-47-ge53b351184 (webtiles) character file.

Game seed: 6097596369349145063

119 Allula97 the Skirmisher (level 4, 0/35 HPs)
             Began as a Demonspawn Monk on May 8, 2022.
             Slain by a scorpion (6 damage)
             ... on level 3 of the Dungeon.
             The game lasted 00:04:55 (2894 turns).

Allula97 the Skirmisher (Demonspawn Monk)           Turns: 2894, Time: 00:04:55

Health: 0/35       AC:  7    Str: 11 (13) XL:     4   Next: 73%
Magic:  5/5        EV: 11    Int: 11 (12) God:
Gold:   70         SH:  0    Dex: 15      Spells: 5/5 levels left

rFire   + . .      SeeInvis .     - Unarmed
rCold   . . .      Faith    .   (no shield)
rNeg    . . .      Spirit   .   i - +0 ring mail {rF+}
rPois   .          Reflect  .   (no helmet)
rElec   .          Harm     .   (no cloak)
rCorr   .          Rampage  .   (no gloves)
Will    .....                   (no boots)
Stlth   +.........              (no amulet)
HPRegen 0.11/turn               k - ring of flight
MPRegen 0.09/turn               (no ring)

@: weak-willed, flying
A: claws 2, thin metallic scales 1
a: no special abilities


You were on level 3 of the Dungeon.
You visited 1 branch of the dungeon, and saw 3 of its levels.

You collected 70 gold pieces.

Inventory:

Hand Weapons
 a - a +0 hand axe
Armour
 i - a +0 ring mail of fire resistance (worn)
Jewellery
 k - a ring of flight (left claw)
Scrolls
 f - a scroll of torment
 h - a scroll of noise
Potions
 c - a potion of curing


   Skills:
 * Level 3.4 Fighting
 - Level 3.0 Axes
 * Level 1.0 Armour
 * Level 3.2 Dodging
 + Level 1.8 Stealth
 * Level 2.1 Unarmed Combat
 * Level 1.0 Spellcasting


You had 5 spell levels left.
You didn't know any spells.
Your spell library contained the following spells:

 Spells                   Type           Power      Damage    Failure   Level
 Sandblast                Erth           0%         2d4       58%         1
 Passwall                 Tmut/Erth      0%         N/A       75%         2
 Stone Arrow              Conj/Erth      0%         3d7       92%         3
 Summon Guardian Golem    Hex/Summ       0%         N/A       92%         3
 Orb of Destruction       Conj           0%         9d5       100%        7
 Spellforged Servitor     Conj/Summ      0%         N/A       100%        7


Dungeon Overview and Level Annotations

Branches:
Dungeon (3/15)

Altars:


Innate Abilities, Weirdness & Mutations

You have very sharp fingernails.
You are partially covered in thin metallic scales. (AC +2)


Message History

Unknown command.
The scorpion stings you but does no damage.
You closely miss the scorpion. The scorpion stings you.
You scratch the scorpion.
The scorpion is lightly wounded.
The scorpion barely misses you.
You closely miss the scorpion.
The scorpion is lightly wounded.
The scorpion stings you.
You are poisoned.
The scorpion poisons you!
You barely miss the scorpion.
The scorpion is lightly wounded.
You feel sick. The scorpion closely misses you.
You barely miss the scorpion.
The scorpion is lightly wounded.
You feel sick. The scorpion stings you. The scorpion misses you.
You barely miss the scorpion.
The scorpion is lightly wounded.
You feel sick. The scorpion stings you.
You barely miss the scorpion.
The scorpion is lightly wounded.
You feel sick. The scorpion stings you.
Okay, then.
As you read the scroll labelled YPPUUCAITE, it crumbles to dust.
You hear a loud clanging noise!
It was a scroll of noise.
You feel sick.
You hear a shout!
You hear an angry hiss.
You hear a shout! x6
The scorpion stings you but does no damage.
As you read the scroll labelled RIONNE QAXEA, it crumbles to dust.
Magic quickly surges around you.
It was a scroll of vulnerability.
You feel sick. The scorpion stings you.
* * * LOW HITPOINT WARNING * * *
As you read the scroll labelled UTOILACICS, it crumbles to dust.
It is a scroll of identify.
f - a scroll of torment You feel sick.
You are no longer poisoned.
The scorpion stings you.
You die...

..........# ......
............# .....
............### #....
.......##.....# ##....
.......##.....####.....
. .....##.......##.....
... ...#####....##.....
.....##s#####....##.....
.......@...)'....†'.....
.....##.#####....##....)
... .... +....++....> .
.....#####....##.....
..............#########
..............#........
.......................
.......####............
#....#.......


You could see a scorpion (weak-willed).

Vanquished Creatures
  An orc priest (D:3)
  Terence (D:2)
  An adder (D:3)
  A worm (D:2)
  3 dart slugs
  4 orcs (D:3)
  3 ball pythons
  4 endoplasms
  2 giant cockroaches
  5 goblins
  A hobgoblin (D:1)
  A quokka (D:1)
  4 bats (D:1)
  A frilled lizard (D:2)
  3 kobolds
  7 rats
42 creatures vanquished.

Notes
Turn   | Place    | Note
-------+----------+-------------------------------------------
     0 | D:1      | Allula97 the Demonspawn Monk began the quest for the Orb.
     0 | D:1      | Reached XP level 1. HP: 18/18 MP: 1/1
    78 | D:1      | Found a faded altar of an unknown god.
   369 | D:1      | Gained mutation: You have sharp fingernails. [demonic
                  | ancestry]
   369 | D:1      | Reached XP level 2. HP: 21/24 MP: 2/2
  1550 | D:2      | Gained mutation: You are partially covered in thin metallic
                  | scales. (AC +2) [demonic ancestry]
  1550 | D:2      | Reached XP level 3. HP: 23/29 MP: 3/3
  1965 | D:2      | Reached skill level 1 in Unarmed Combat
  1975 | D:2      | Noticed Terence
  2002 | D:2      | Killed Terence
  2620 | D:3      | Gained mutation: You have very sharp fingernails. [demonic
                  | ancestry]
  2620 | D:3      | Reached XP level 4. HP: 22/35 MP: 3/5
  2844 | D:3      | Noticed a scorpion
  2877 | D:3      | Reached skill level 1 in Armour
  2877 | D:3      | Reached skill level 1 in Spellcasting
  2894 | D:3      | Slain by a scorpion

Illustrated notes

Levels and vault maps discovered:
D:1:      minmay_arrival_stair_chambers, layout_loops_ring,
          shapermc_ecumenical_altar_flowoftime
D:2:      layout_loops_ring, uniq_terence
D:3:      layout_basic

Skill      XL: |  1  2  3  4 |
---------------+-------------+-----
Axes           | 3 |  3.0
Dodging        | 3 |  3.2
Unarmed Combat | 1 2 |  2.1
Armour         | 1 |  1.0
Spellcasting   | 1 |  1.0
Fighting       | |  3.4
Stealth        | |  1.8

Action                   |  1- 3 |  4- 6 || total
-------------------------+-------+-------++-------
Melee: Hand axe          |    24 |       ||    24
       Unarmed           |   153 |    48 ||   201
       Punch             |     3 |     1 ||     4
  Use: Potion            |     4 |       ||     4
       Scroll            |       |     6 ||     6
 Stab: Sleeping          |     3 |       ||     3
Armor: Robe              |    20 |       ||    20
       Ring mail         |    29 |    18 ||    47
Dodge: Dodged            |   102 |    18 ||   120
